 Dungeon Crawl Stone Soup version 0.24-a0-397-g73b976d855 (webtiles) character file.

Game seed: 1762748250507323747

136 Laiders72 the Skirmisher (level 4, -3/37 HPs)
             Began as a Demonspawn Fighter on June 4, 2019.
             Killed from afar by an orc wizard (9 damage)
             ... with a magic dart
             ... on level 6 of the Dungeon.
             The game lasted 00:04:42 (2352 turns).

Laiders72 the Skirmisher (Demonspawn Fighter)       Turns: 2352, Time: 00:04:43

Health: -3/37      AC:  6    Str: 23    XL:     4   Next: 98%
Magic:  4/4        EV: 15    Int:  9    God:
Gold:   79         SH: 12    Dex: 17    Spells: 3/3 levels left

rFire    . . .     SeeInvis .   s - +3 whip
rCold    . . .     Gourm    .   x - +2 shield
rNeg     . . .     Faith    .   b - +0 scale mail
rPois    .         Spirit   .   (helmet restricted)
rElec    .         Reflect  .   (no cloak)
rCorr    .         Harm     .   (no gloves)
MR       .....                  (no boots)
Stlth    +.........             (no amulet)
HPRegen  0.12/turn              i - +3 ring of evasion
MPRegen  0.09/turn              (no ring)

@: mighty, agile
A: antennae 1, powered by pain 1
a: no special abilities


You were on level 6 of the Dungeon.
You were not hungry.

You visited 1 branch of the dungeon, and saw 4 of its levels.

You collected 79 gold pieces.

Inventory:

Hand Weapons
 s - a +3 whip (weapon)
Armour
 b - a +0 scale mail (worn)
 x - a +2 shield (worn)
Jewellery
 i - a +3 ring of evasion (left hand)
Scrolls
 j - a scroll of immolation
 l - a scroll of enchant weapon
 n - a scroll of fear {unknown}
 p - a scroll of amnesia {unknown}
 r - a scroll of enchant armour {unknown}
 u - a scroll of remove curse
 w - a scroll of fog {unknown}
Potions
 a - a potion of lignification {unknown}
 d - a potion of might
 e - a potion of berserk rage {unknown}
 g - a potion of mutation {unknown}
 h - a potion of heal wounds
 m - a potion of invisibility {unknown}
 o - a potion of resistance {unknown}
 q - a potion of haste {unknown}
 t - a potion of curing {unknown}
 v - a potion of cancellation {unknown}
Comestibles
 f - 5 rations


   Skills:
 + Level 3.8 Fighting
 * Level 3.5 Maces & Flails
 - Level 2.6 Armour
 + Level 3.4 Shields


You had 3 spell levels left.
You didn't know any spells.
Your spell library was empty.

Dungeon Overview and Level Annotations

Branches:
Dungeon (3/15)

Altars:
Ashenzari
Dithmenos
Fedhas
Sif Muna


Innate Abilities, Weirdness & Mutations

You have a pair of small antennae on your head.
You sometimes gain a little power by taking damage.


Message History

You block the orc's attack.
You closely miss the orc wizard. You block the orc's attack.
You block the orc wizard's attack. The orc completely misses you.
You closely miss the orc wizard. The orc closely misses you.
The orc wizard completely misses you. The orc misses you.
You whack the orc wizard!
The orc wizard is severely wounded.
You block the orc's attack. You block the orc wizard's attack.
You closely miss the orc wizard.
The orc wizard is severely wounded.
The orc hits you from afar with a +0 trident.
* * * LOW HITPOINT WARNING * * *
The orc wizard closely misses you. The orc misses you.
You hit the orc wizard.
The orc wizard is almost dead.
The orc hits you from afar with a +0 trident.
* * * LOW HITPOINT WARNING * * *
The orc wizard gestures at you while chanting.
The magic dart hits you!
You die...

#######
#.....##
##......##.#
#..o.......#
#.)@......#
#....o......#
#....o.......
#.............
###...........
###.........
#####..### ###


You could see an orc wizard and 2 orcs.

Vanquished Creatures
  An orc priest (D:6)
  5 adders
  3 worms (D:2)
  2 dart slugs
  A leopard gecko (D:1)
  An orc (D:6)
  2 giant cockroaches (D:2)
  4 goblins
  7 hobgoblins
  2 jackals (D:2)
  5 kobolds
  A ball python (D:2)
  8 bats
  3 frilled lizards (D:2)
  7 rats
52 creatures vanquished.

Notes
Turn   | Place    | Note
-------+----------+-------------------------------------------
     0 | D:1      | Laiders72 the Demonspawn Fighter began the quest for the
                  | Orb.
     0 | D:1      | Reached XP level 1. HP: 18/18 MP: 1/1
   246 | D:1      | Gained mutation: You have a pair of small antennae on your
                  | head. [demonic ancestry]
   246 | D:1      | Reached XP level 2. HP: 22/24 MP: 2/2
   777 | D:2      | Found a shadowy altar of Dithmenos.
  1061 | D:2      | Gained mutation: You sometimes gain a little power by
                  | taking damage. [demonic ancestry]
  1061 | D:2      | Reached XP level 3. HP: 27/29 MP: 3/3
  1135 | D:2      | Found a deep blue altar of Sif Muna.
  1138 | D:2      | Found a shattered altar of Ashenzari.
  1141 | D:2      | Found a blossoming altar of Fedhas.
  1498 | D:2      | Reached XP level 4. HP: 15/35 MP: 4/4
  2335 | D:3      | You fall into a shaft and drop 3 floors!
  2352 | D:6      | Killed from afar by an orc wizard

Levels and vault maps discovered:
D:1:      dpeg_arrival_arbitrary_a, layout_loops_ring, solitary_fountain
D:2:      layout_basic, grunt_temple_overflow_diamond,
          nicolae_dithmenos_shadow_blocks, first_ration, minmay_liquid_box,
          minmay_heptomino_w4
D:3:      layout_rooms, chequers_ecumenical_altar_simple,
          gammafunk_ghost_nasty_kobolds
D:6:      layout_cave_pods, serial_shops, nicolae_shop_stone

Skill      XL: |  1  2  3 |
---------------+----------+-----
Maces & Flails | 2 3 |  3.5
Shields        | 3 |  3.4
Fighting       | |  3.8
Armour         | |  2.6

Action                   |  1- 3 |  4- 6 || total
-------------------------+-------+-------++-------
Melee: Flail             |    70 |       ||    70
       Whip              |    73 |    79 ||   152
  Use: Scroll            |     4 |       ||     4
       Potion            |       |     2 ||     2
  Eat: Chunk             |     2 |     3 ||     5
Armor: Scale mail        |    80 |    18 ||    98
Dodge: Dodged            |    65 |    18 ||    83
Block: Shield            |    73 |    47 ||   120

Table legend:
 A = Non-vault XP
 B = Vault XP
 C = Vault XP percentage of total XP
 D = Non-vault monster count
 E = Vault monster count
 F = Vault count percentage of total count
                 A         B        C        D         E       F
            +---------+---------+-------+---------+---------+-------
      Total |     167 |      28 |  14.4 |      45 |       7 |  13.5
            +---------+---------+-------+---------+---------+-------
        D:1 |      25 |       0 |   0.0 |      16 |       0 |   0.0
        D:2 |      79 |      28 |  26.2 |      25 |       7 |  21.9
        D:3 |      17 |       0 |   0.0 |       2 |       0 |   0.0
        D:6 |      46 |       0 |   0.0 |       2 |       0 |   0.0
            +---------+---------+-------+---------+---------+-------
